General information
- name: BNet
- type: Ladder team game (AT/RT)
- host: Battle.net
- saver:
map: DragonFalls
- players: 8
- length: 60:23
- speed: Fast
- version: 1.26 W3XP
- replay type: Public
» download(390 KB)
Players
team 1 (winner)
P5666 (
orange | 112 APM | 6744 actions | 60:23)
5 Blademaster
2 Wind Walk
3 Critical Strike
4 Shadow Hunter
2 Healing Wave
2 Hex
1 Tauren Chieftain
1 Endurance Aura
» actions
| Assign group hotkey | 43 | |
| Basic commands | 168 | |
| Build / train | 130 | |
| ESC pressed | 4 | |
| Enter build submenu | 14 | |
| Enter hero's abilities submenu | 10 | |
| Give item / drop item | 9 | |
| Right click | 1736 | |
| Select / deselect | 668 | |
| Select group hotkey | 3753 | |
| Use ability | 209 | |
6744 total
» units
| Peon | 19 | |
| Grunt | 8 | |
| Troll Batrider | 38 | |
65 total
» upgrades
| Ranged Weapons | 2 | |
| Liquid Fire | 1 | |
| Reinforced Defenses | 1 | |
| Armor | 1 | |
5 total
» buildings
| Altar of Storms | 1 | |
| Orc Burrow | 5 | |
| Barracks | 1 | |
| Voodoo Lounge | 1 | |
| War Mill | 1 | |
| Stronghold | 2 | |
| Watch Tower | 3 | |
| Beastiary | 2 | |
| Fortress | 3 | |
19 total
» build order
00:06 Altar of Storms
00:11 Orc Burrow
00:30 Barracks
01:28 Orc Burrow
01:52 Voodoo Lounge
02:24 War Mill
04:28 Stronghold
04:28 Stronghold
04:30 Watch Tower
04:57 Watch Tower
05:00 Orc Burrow
05:56 Watch Tower
07:01 Beastiary
07:02 Beastiary
07:25 Fortress
07:25 Fortress
09:31 Orc Burrow
14:36 Orc Burrow
» items
| Healing Salve | 9 | |
| Lesser Clarity Potion | 10 | |
| Dust of Appearance | 1 | |
| Staff of Teleportation | 1 | |
| Orb of Lightning | 1 | |
| Scroll of Speed | 4 | |
| Scroll of Town Portal | 4 | |
30 total
10minbreak (
pink | 98 APM | 5336 actions | 54:41)
8 Archmage
3 Summon Water Elemental
3 Brilliance Aura
1 Mass Teleport
1 Blizzard
» actions
| Assign group hotkey | 166 | |
| Basic commands | 119 | |
| Build / train | 281 | |
| ESC pressed | 15 | |
| Enter build submenu | 103 | |
| Enter hero's abilities submenu | 8 | |
| Give item / drop item | 16 | |
| Right click | 2210 | |
| Select / deselect | 770 | |
| Select group hotkey | 1156 | |
| Use ability | 492 | |
5336 total
» units
| Peasant | 26 | |
| Footman | 5 | |
| Goblin Zeppelin | 13 | |
| Goblin Shredder | 4 | |
| Goblin Sapper | 2 | |
| Gryphon Rider | 13 | |
| Dragonhawk Rider | 5 | |
68 total
» upgrades
| Masonry | 3 | |
| Storm Hammers | 1 | |
| Swords | 3 | |
| Armor | 5 | |
| Animal War Training | 1 | |
| Cloud | 1 | |
| Lumber Harvesting | 2 | |
| Magic Sentry | 1 | |
| Plating | 1 | |
| Gunpowder | 1 | |
| Sorceress Training | 1 | |
| Priest Training | 1 | |
| Control Magic | 1 | |
22 total
» buildings
| Altar of Kings | 2 | |
| Barracks | 1 | |
| Farm | 13 | |
| Arcane Vault | 2 | |
| Town Hall | 6 | |
| Scout Tower | 68 | |
| Keep | 4 | |
| Lumber Mill | 2 | |
| Arcane Tower | 18 | |
| Guard Tower | 91 | |
| Castle | 6 | |
| Gryphon Aviary | 4 | |
| Blacksmith | 4 | |
| Arcane Sanctum | 1 | |
222 total
» build order
00:37 Altar of Kings
00:39 Barracks
00:51 Farm
01:07 Farm
01:36 Farm
02:18 Arcane Vault
03:40 Farm
04:19 Town Hall
04:21 Scout Tower
05:16 Keep
06:02 Lumber Mill
06:39 Town Hall
06:41 Scout Tower
06:45 Scout Tower
06:47 Scout Tower
07:17 Arcane Tower
07:17 Arcane Tower
07:18 Arcane Tower
07:19 Scout Tower
07:20 Scout Tower
07:24 Scout Tower
07:24 Scout Tower
07:28 Scout Tower
07:29 Scout Tower
07:30 Scout Tower
08:44 Guard Tower
08:45 Guard Tower
08:52 Guard Tower
08:52 Guard Tower
08:53 Guard Tower
08:53 Guard Tower
08:53 Guard Tower
09:21 Guard Tower
09:21 Guard Tower
09:22 Guard Tower
09:23 Guard Tower
09:23 Guard Tower
09:24 Guard Tower
09:24 Guard Tower
10:05 Castle
10:05 Castle
10:06 Castle
10:07 Gryphon Aviary
10:11 Gryphon Aviary
10:44 Arcane Tower
10:44 Arcane Tower
10:47 Scout Tower
10:47 Scout Tower
10:48 Scout Tower
10:49 Scout Tower
10:50 Scout Tower
11:16 Guard Tower
11:16 Guard Tower
11:16 Guard Tower
11:17 Guard Tower
11:55 Guard Tower
11:55 Guard Tower
11:55 Guard Tower
11:58 Scout Tower
11:59 Scout Tower
12:03 Scout Tower
12:32 Guard Tower
12:32 Guard Tower
12:33 Guard Tower
14:58 Blacksmith
15:01 Blacksmith
15:03 Blacksmith
15:39 Scout Tower
15:41 Scout Tower
15:44 Scout Tower
15:49 Scout Tower
15:49 Scout Tower
15:50 Scout Tower
15:51 Scout Tower
15:52 Scout Tower
16:09 Guard Tower
16:10 Guard Tower
16:10 Guard Tower
16:11 Guard Tower
16:11 Guard Tower
16:11 Guard Tower
16:16 Guard Tower
16:16 Guard Tower
17:12 Guard Tower
17:12 Guard Tower
17:12 Guard Tower
17:26 Scout Tower
17:27 Scout Tower
18:23 Guard Tower
20:34 Keep
20:34 Keep
21:22 Blacksmith
21:29 Scout Tower
21:30 Scout Tower
21:30 Scout Tower
21:31 Scout Tower
21:58 Gryphon Aviary
22:00 Gryphon Aviary
22:07 Lumber Mill
22:08 Guard Tower
22:08 Guard Tower
22:09 Guard Tower
22:33 Scout Tower
22:33 Scout Tower
22:34 Scout Tower
22:43 Scout Tower
22:45 Scout Tower
22:47 Scout Tower
22:54 Scout Tower
23:11 Guard Tower
23:12 Guard Tower
23:12 Guard Tower
23:13 Guard Tower
23:13 Guard Tower
23:16 Guard Tower
23:17 Guard Tower
23:24 Farm
23:30 Guard Tower
23:30 Guard Tower
23:32 Scout Tower
23:36 Farm
24:01 Guard Tower
24:01 Guard Tower
24:03 Castle
24:04 Castle
24:31 Scout Tower
24:34 Scout Tower
24:35 Scout Tower
25:05 Guard Tower
25:06 Arcane Vault
25:44 Scout Tower
25:45 Scout Tower
25:47 Scout Tower
25:51 Scout Tower
25:53 Scout Tower
26:08 Farm
26:27 Guard Tower
26:27 Guard Tower
26:27 Guard Tower
27:02 Farm
27:03 Farm
31:06 Town Hall
31:10 Scout Tower
31:12 Scout Tower
31:14 Scout Tower
31:16 Scout Tower
32:22 Town Hall
32:28 Town Hall
39:14 Arcane Sanctum
40:09 Town Hall
40:22 Scout Tower
40:24 Scout Tower
40:26 Scout Tower
40:53 Guard Tower
40:54 Guard Tower
41:12 Guard Tower
41:32 Scout Tower
41:33 Scout Tower
41:34 Scout Tower
42:02 Arcane Tower
42:02 Arcane Tower
42:02 Guard Tower
42:03 Guard Tower
42:03 Guard Tower
42:04 Arcane Tower
42:04 Arcane Tower
42:04 Arcane Tower
42:05 Scout Tower
42:06 Scout Tower
42:11 Altar of Kings
42:27 Scout Tower
42:27 Scout Tower
42:28 Scout Tower
42:33 Guard Tower
42:33 Guard Tower
42:33 Guard Tower
42:57 Scout Tower
43:01 Arcane Tower
43:01 Arcane Tower
43:01 Arcane Tower
43:01 Guard Tower
43:02 Guard Tower
43:02 Guard Tower
43:09 Guard Tower
43:09 Guard Tower
43:09 Guard Tower
43:28 Guard Tower
43:28 Guard Tower
43:28 Guard Tower
43:59 Scout Tower
44:02 Scout Tower
44:06 Scout Tower
44:12 Farm
44:39 Guard Tower
44:52 Farm
44:57 Farm
45:01 Farm
» items
| Mechanical Critter | 4 | |
| Scroll of Regeneration | 12 | |
| Periapt of Vitality | 1 | |
| Staff of Teleportation | 1 | |
| Potion of Lesser Invulnerability | 4 | |
| Scroll of Town Portal | 6 | |
| Potion of Healing | 4 | |
| Lesser Clarity Potion | 2 | |
| Scroll of Healing | 1 | |
| Staff of Sanctuary | 1 | |
36 total
Bonzi_Buddy (
teal | 53 APM | 2872 actions | 54:33)
9 Archmage
3 Summon Water Elemental
3 Brilliance Aura
1 Mass Teleport
2 Blizzard
» actions
| Assign group hotkey | 149 | |
| Basic commands | 171 | |
| Build / train | 132 | |
| Enter build submenu | 51 | |
| Enter hero's abilities submenu | 9 | |
| Give item / drop item | 9 | |
| Remove unit from queue | 2 | |
| Right click | 924 | |
| Select / deselect | 610 | |
| Select group hotkey | 572 | |
| Use ability | 243 | |
2872 total
» units
| Peasant | 29 | |
| Footman | 5 | |
| Goblin Shredder | 4 | |
| Goblin Zeppelin | 3 | |
| Gryphon Rider | 13 | |
| Green Dragon | 4 | |
| Dragonhawk Rider | 5 | |
63 total
» upgrades
| Masonry | 3 | |
| Storm Hammers | 1 | |
| Swords | 3 | |
| Armor | 3 | |
| Animal War Training | 1 | |
| Cloud | 1 | |
12 total
» buildings
| Altar of Kings | 2 | |
| Barracks | 2 | |
| Farm | 11 | |
| Keep | 1 | |
| Arcane Vault | 3 | |
| Lumber Mill | 1 | |
| Town Hall | 4 | |
| Scout Tower | 23 | |
| Castle | 1 | |
| Guard Tower | 9 | |
| Gryphon Aviary | 4 | |
| Blacksmith | 2 | |
63 total
» build order
00:35 Altar of Kings
00:36 Barracks
00:50 Altar of Kings
00:51 Barracks
00:53 Farm
00:58 Farm
01:07 Farm
01:41 Farm
04:14 Keep
04:22 Arcane Vault
04:25 Lumber Mill
04:36 Town Hall
04:42 Scout Tower
04:44 Scout Tower
04:47 Scout Tower
04:52 Scout Tower
07:12 Castle
07:56 Town Hall
08:16 Scout Tower
08:17 Scout Tower
08:17 Scout Tower
08:48 Guard Tower
08:51 Guard Tower
09:59 Gryphon Aviary
10:00 Gryphon Aviary
10:11 Gryphon Aviary
10:13 Gryphon Aviary
10:46 Blacksmith
10:50 Blacksmith
12:34 Scout Tower
12:35 Scout Tower
12:35 Scout Tower
12:35 Scout Tower
12:36 Scout Tower
12:36 Scout Tower
13:06 Guard Tower
14:56 Guard Tower
15:35 Farm
20:32 Farm
20:32 Farm
20:32 Farm
20:32 Farm
20:33 Farm
20:35 Farm
26:10 Town Hall
26:15 Scout Tower
26:16 Scout Tower
26:19 Scout Tower
26:20 Scout Tower
26:22 Scout Tower
26:23 Scout Tower
26:23 Scout Tower
26:23 Scout Tower
26:29 Arcane Vault
26:45 Guard Tower
26:47 Guard Tower
26:51 Guard Tower
27:55 Guard Tower
41:38 Town Hall
43:04 Arcane Vault
» items
| Mechanical Critter | 8 | |
| Scroll of Town Portal | 7 | |
| Potion of Healing | 6 | |
| Scroll of Regeneration | 5 | |
| Ivory Tower | 2 | |
| Potion of Lesser Invulnerability | 1 | |
| Periapt of Vitality | 1 | |
| Scroll of Healing | 1 | |
| Healing Salve | 2 | |
| Orb of Lightning | 1 | |
34 total
snatchmage (
green | 41 APM | 761 actions | 18:33)
2 Priestess of the Moon
1 Trueshot Aura
1 Searing Arrows
2 Keeper of the Grove
1 Thorns Aura
1 Force of Nature
» actions
| Assign group hotkey | 12 | |
| Build / train | 43 | |
| ESC pressed | 1 | |
| Enter build submenu | 19 | |
| Enter hero's abilities submenu | 4 | |
| Remove unit from queue | 1 | |
| Right click | 291 | |
| Select / deselect | 203 | |
| Select group hotkey | 165 | |
| Use ability | 22 | |
761 total
» units
| Wisp | 16 | |
| Hippogryph | 6 | |
| Chimaera | 11 | |
33 total
» upgrades
» buildings
| Altar of Elders | 1 | |
| Moon Well | 9 | |
| Tree of Ages | 1 | |
| Ancient of Wonders | 1 | |
| Hunter's Hall | 1 | |
| Ancient Protector | 1 | |
| Tree of Eternity | 1 | |
| Ancient of Wind | 1 | |
| Chimaera Roost | 3 | |
19 total
» build order
00:12 Altar of Elders
00:36 Moon Well
01:21 Moon Well
02:02 Moon Well
02:23 Tree of Ages
02:37 Ancient of Wonders
03:02 Moon Well
03:30 Hunter's Hall
04:12 Moon Well
04:37 Ancient Protector
04:44 Tree of Eternity
05:49 Ancient of Wind
06:36 Moon Well
07:06 Chimaera Roost
07:11 Chimaera Roost
09:09 Chimaera Roost
10:49 Moon Well
10:53 Moon Well
10:55 Moon Well
team 2 (loser)

»
blackhawksin15 (
red | 44 APM | 1986 actions | 44:41)
6 Blademaster
2 Wind Walk
3 Critical Strike
1 Bladestorm
2 Goblin Tinker
1 Cluster Rockets
1 Engineering Upgrade
» actions
| Assign group hotkey | 26 | |
| Basic commands | 116 | |
| Build / train | 87 | |
| ESC pressed | 10 | |
| Enter build submenu | 29 | |
| Enter hero's abilities submenu | 8 | |
| Give item / drop item | 1 | |
| Remove unit from queue | 1 | |
| Right click | 963 | |
| Select / deselect | 238 | |
| Select group hotkey | 339 | |
| Use ability | 168 | |
1986 total
» units
| Peon | 27 | |
| Grunt | 11 | |
| Goblin Shredder | 1 | |
39 total
» upgrades
| Melee Weapons | 2 | |
| Armor | 2 | |
| Pillage | 1 | |
| Berserker Strength | 1 | |
| Spiked Barricades | 1 | |
| Reinforced Defenses | 1 | |
8 total
» buildings
| Altar of Storms | 2 | |
| Orc Burrow | 7 | |
| Barracks | 1 | |
| Voodoo Lounge | 2 | |
| War Mill | 2 | |
| Stronghold | 5 | |
| Watch Tower | 6 | |
| Fortress | 5 | |
| Great Hall | 4 | |
| Beastiary | 2 | |
| Tauren Totem | 2 | |
38 total
» build order
00:12 Altar of Storms
00:14 Altar of Storms
00:21 Orc Burrow
00:39 Barracks
01:33 Orc Burrow
02:10 Voodoo Lounge
02:55 Voodoo Lounge
03:04 War Mill
03:22 Orc Burrow
03:56 Stronghold
03:56 Stronghold
04:49 Stronghold
05:51 Watch Tower
06:29 Orc Burrow
07:08 Watch Tower
08:32 Fortress
08:32 Fortress
08:32 Fortress
08:33 Fortress
09:22 Great Hall
09:52 Watch Tower
11:34 War Mill
11:52 Beastiary
11:54 Beastiary
12:27 Tauren Totem
12:28 Tauren Totem
13:16 Watch Tower
13:17 Watch Tower
13:18 Watch Tower
15:32 Orc Burrow
15:46 Orc Burrow
16:02 Orc Burrow
25:04 Great Hall
25:08 Great Hall
25:11 Great Hall
» items
| Healing Salve | 4 | |
| Lesser Clarity Potion | 5 | |
| Scroll of Town Portal | 2 | |
| Orb of Lightning | 2 | |
| Potion of Healing | 1 | |
| Potion of Mana | 1 | |
15 total
huggles (
blue | 63 APM | 3784 actions | 60:23)
6 Far Seer
3 Feral Spirit
3 Chain Lighting
7 Tauren Chieftain
3 Shockwave
3 Endurance Aura
1 Reincarnation
5 Shadow Hunter
2 Hex
3 Healing Wave
» actions
| Assign group hotkey | 139 | |
| Basic commands | 271 | |
| Build / train | 112 | |
| Enter build submenu | 25 | |
| Enter hero's abilities submenu | 17 | |
| Give item / drop item | 3 | |
| Remove unit from queue | 1 | |
| Right click | 1193 | |
| Select / deselect | 715 | |
| Select group hotkey | 1115 | |
| Use ability | 193 | |
3784 total
» units
| Peon | 16 | |
| Goblin Shredder | 3 | |
| Troll Witch Doctor | 10 | |
| Shaman | 12 | |
| Kodo Beast | 2 | |
| Wind Rider | 6 | |
| Troll Batrider | 10 | |
59 total
» upgrades
| Witch Doctor Training | 2 | |
| Shaman Training | 2 | |
| Reinforced Defenses | 1 | |
| War Drums Damage Increase | 1 | |
| Envenomed Spears | 1 | |
| Armor | 2 | |
| Ranged Weapons | 2 | |
| Backpack | 1 | |
| Pillage | 1 | |
| Ensnare | 1 | |
| Melee Weapons | 1 | |
15 total
» buildings
| War Mill | 1 | |
| Orc Burrow | 9 | |
| Altar of Storms | 1 | |
| Watch Tower | 7 | |
| Stronghold | 1 | |
| Voodoo Lounge | 1 | |
| Fortress | 1 | |
| Spirit Lodge | 2 | |
| Beastiary | 3 | |
26 total
» build order
01:13 War Mill
01:36 Orc Burrow
01:51 Altar of Storms
02:38 Watch Tower
03:26 Stronghold
03:42 Orc Burrow
03:46 Orc Burrow
03:50 Voodoo Lounge
05:53 Fortress
05:56 Spirit Lodge
06:48 Spirit Lodge
09:30 Beastiary
12:57 Beastiary
13:23 Watch Tower
13:26 Orc Burrow
14:20 Watch Tower
14:38 Orc Burrow
16:07 Orc Burrow
17:42 Watch Tower
17:45 Watch Tower
18:55 Watch Tower
20:45 Orc Burrow
21:44 Watch Tower
32:14 Beastiary
40:31 Orc Burrow
40:39 Orc Burrow
» items
| Healing Salve | 1 | |
| Tiny Great Hall | 5 | |
| Orb of Lightning | 4 | |
| Scroll of Town Portal | 2 | |
| Scroll of Speed | 1 | |
13 total
PiousMuslim (
yellow | 55 APM | 2502 actions | 45:47)
5 Blademaster
2 Wind Walk
3 Critical Strike
6 Tauren Chieftain
2 Endurance Aura
3 Shockwave
1 Reincarnation
4 Shadow Hunter
2 Hex
2 Healing Wave
» actions
| Assign group hotkey | 5 | |
| Basic commands | 6 | |
| Build / train | 141 | |
| Enter build submenu | 28 | |
| Enter hero's abilities submenu | 16 | |
| Give item / drop item | 3 | |
| Remove unit from queue | 2 | |
| Right click | 1446 | |
| Select / deselect | 561 | |
| Select group hotkey | 2 | |
| Use ability | 292 | |
2502 total
» units
| Peon | 19 | |
| Spirit Walker | 5 | |
| Raider | 3 | |
| Goblin Zeppelin | 2 | |
| Troll Batrider | 41 | |
| Goblin Shredder | 1 | |
71 total
» upgrades
| Spirit Walker Training | 2 | |
| Ensnare | 1 | |
| Reinforced Defenses | 1 | |
| Armor | 1 | |
| Liquid Fire | 1 | |
| Shaman Training | 0 | |
6 total
» buildings
| Altar of Storms | 3 | |
| Orc Burrow | 19 | |
| Voodoo Lounge | 2 | |
| Stronghold | 2 | |
| War Mill | 1 | |
| Fortress | 1 | |
| Beastiary | 2 | |
| Spirit Lodge | 1 | |
| Tauren Totem | 1 | |
| Watch Tower | 6 | |
| Great Hall | 3 | |
41 total
» build order
00:10 Altar of Storms
00:15 Orc Burrow
01:26 Voodoo Lounge
02:18 Stronghold
03:50 Orc Burrow
03:51 Orc Burrow
03:57 Orc Burrow
04:27 War Mill
05:16 Fortress
07:12 Beastiary
07:18 Spirit Lodge
07:23 Beastiary
10:32 Voodoo Lounge
11:05 Orc Burrow
11:12 Orc Burrow
11:17 Tauren Totem
15:18 Orc Burrow
15:23 Watch Tower
15:24 Watch Tower
15:25 Watch Tower
15:26 Watch Tower
15:27 Watch Tower
15:27 Watch Tower
19:22 Altar of Storms
19:30 Altar of Storms
20:20 Orc Burrow
20:21 Orc Burrow
20:23 Orc Burrow
20:25 Orc Burrow
22:13 Great Hall
26:18 Orc Burrow
26:43 Orc Burrow
32:21 Orc Burrow
32:21 Orc Burrow
32:22 Orc Burrow
33:59 Orc Burrow
34:02 Orc Burrow
36:13 Great Hall
37:38 Great Hall
40:10 Orc Burrow
» items
| Healing Salve | 7 | |
| Lesser Clarity Potion | 5 | |
| Boots of Speed | 3 | |
| Staff of Teleportation | 1 | |
| Orb of Lightning | 3 | |
| Tiny Great Hall | 2 | |
| Potion of Lesser Invulnerability | 2 | |
| Potion of Healing | 9 | |
| Circlet of Nobility | 2 | |
| Scroll of Town Portal | 1 | |
| Periapt of Vitality | 1 | |
36 total
RAINBOW.BOY (
purple | 53 APM | 3223 actions | 60:23)
5 Blademaster
3 Wind Walk
2 Critical Strike
» actions
| Assign group hotkey | 44 | |
| Basic commands | 136 | |
| Build / train | 89 | |
| Enter build submenu | 39 | |
| Enter hero's abilities submenu | 6 | |
| Give item / drop item | 2 | |
| Remove unit from queue | 1 | |
| Right click | 1196 | |
| Select / deselect | 322 | |
| Select group hotkey | 1080 | |
| Use ability | 308 | |
3223 total
» units
| Peon | 12 | |
| Goblin Shredder | 2 | |
| Troll Batrider | 16 | |
| Wind Rider | 6 | |
| Goblin Sapper | 8 | |
| Goblin Zeppelin | 9 | |
53 total
» upgrades
| Reinforced Defenses | 1 | |
| Ranged Weapons | 2 | |
| Armor | 2 | |
| Liquid Fire | 1 | |
| Envenomed Spears | 1 | |
7 total
» buildings
| Altar of Storms | 1 | |
| Orc Burrow | 6 | |
| War Mill | 2 | |
| Voodoo Lounge | 1 | |
| Stronghold | 2 | |
| Watch Tower | 35 | |
| Great Hall | 2 | |
| Fortress | 1 | |
| Beastiary | 3 | |
53 total
» build order
00:15 Altar of Storms
00:21 Orc Burrow
01:06 War Mill
01:39 Voodoo Lounge
02:37 Stronghold
02:38 Stronghold
02:40 Watch Tower
02:57 Watch Tower
03:13 Orc Burrow
04:10 Watch Tower
04:27 Watch Tower
05:21 Great Hall
05:24 Watch Tower
05:30 Orc Burrow
05:32 Watch Tower
06:25 Fortress
07:09 Watch Tower
07:14 Watch Tower
07:47 Watch Tower
07:47 Watch Tower
07:55 Beastiary
08:13 Beastiary
08:45 Beastiary
09:10 War Mill
09:25 Watch Tower
10:02 Watch Tower
10:41 Orc Burrow
11:24 Watch Tower
11:24 Watch Tower
11:25 Watch Tower
11:25 Watch Tower
13:08 Orc Burrow
13:12 Watch Tower
13:14 Watch Tower
13:38 Watch Tower
13:38 Watch Tower
13:38 Watch Tower
13:40 Watch Tower
13:41 Watch Tower
20:52 Orc Burrow
24:28 Great Hall
24:30 Watch Tower
24:30 Watch Tower
24:30 Watch Tower
24:31 Watch Tower
24:33 Watch Tower
24:33 Watch Tower
24:34 Watch Tower
26:17 Watch Tower
26:17 Watch Tower
26:19 Watch Tower
26:22 Watch Tower
26:26 Watch Tower
» items
| Healing Salve | 2 | |
| Lesser Clarity Potion | 2 | |
| Scroll of Town Portal | 3 | |
| Boots of Speed | 1 | |
| Orb of Lightning | 1 | |
| Potion of Mana | 2 | |
| Staff of Teleportation | 1 | |
12 total
Chat log
(00:05 / Allies) blackhawksin15: all orc
(00:22 / Allies) PiousMuslim: wyvs
(00:27 / Allies) RAINBOW.BOY: wyverns too
(00:32 / Allies) PiousMuslim: kodo?
(00:40 / Allies) RAINBOW.BOY: #1
(00:44 / Allies) PiousMuslim: knew it
(00:44 / Allies) PiousMuslim: lol
(00:50 / Allies) RAINBOW.BOY: who is this
(01:02 / Allies) blackhawksin15: grunt tauren here
(01:05 / Allies) PiousMuslim: i have just played for a long time with a lot of aka's
(01:06 / Allies) blackhawksin15: yellow get som caster too
(01:07 / Allies) PiousMuslim: thats all
(01:11 / Allies) PiousMuslim: i know when its you
(01:11 / Allies) PiousMuslim: lol
(01:21 / Allies) RAINBOW.BOY: i aint him but iv ebeen his friend for years
(01:25 / Allies) huggles: i'm not afk
(01:31 / Allies) huggles: i just like to give 2mins of handicap
(01:31 / Allies) PiousMuslim: ahh
(01:36 / Allies) PiousMuslim: im sugu
(02:02 / Allies) PiousMuslim: blue whats your clan
(02:06 / Allies) PiousMuslim: i want a new clan
(02:14 / Allies) huggles: none
(02:16 / Allies) RAINBOW.BOY: which one if u is the high ell playe roj is 18-6
(02:41 / Allies) PiousMuslim: cancel
(02:42 / Allies) PiousMuslim: cancel
(02:47 / All) RAINBOW.BOY: oj hack
(03:04 / All) PiousMuslim: COME AT ME OJ
(03:38 / All) PiousMuslim: you want to get a kill or???
(04:01 / Allies) RAINBOW.BOY: this game is sort of gonna be rigged if u catch my meaning lawl
(04:12 / Allies) huggles: exchange
(04:13 / Allies) PiousMuslim: lol ya seriously,,,
(04:39 / All) RAINBOW.BOY: level 1 in da housessssssss
(04:47 / Allies) RAINBOW.BOY: oj plays like a bitch
(04:52 / Allies) RAINBOW.BOY: green going chippo
(04:52 / Allies) PiousMuslim: ik
(04:55 / Allies) PiousMuslim: imma fuck with him
(05:32 / Allies) PiousMuslim: HIT OJ RED
(05:37 / Allies) PiousMuslim: NOW
(05:58 / All) RAINBOW.BOY: dat mh oj
(06:22 / Allies) PiousMuslim: go
(06:33 / Allies) PiousMuslim: fuck lag
(06:37 / All) Bonzi_Buddy: red mh too
(07:00 / Allies) huggles: fuck u ran purple
(07:03 / Allies) huggles: i couldnt take it
(07:35 / Allies) PiousMuslim: red kill that then tp
(07:37 / Allies) PiousMuslim: KILL IT
(07:44 / Allies) PiousMuslim: OUT
(07:48 / Allies) PiousMuslim: TP
(08:14 / Allies) PiousMuslim: wood
(08:16 / Allies) PiousMuslim: noe
(08:17 / Allies) PiousMuslim: now
(08:30 / Allies) PiousMuslim: red expo
(08:41 / Allies) PiousMuslim: blue heolp
(09:13 / Allies) PiousMuslim: red expo man
(10:18 / Allies) blackhawksin15: gettin a tav hero
(11:33 / All) 10minbreak: I have a pendant of energy and mana stone
(11:35 / All) 10minbreak: mad, orcs?
(11:40 / All) Bonzi_Buddy: lel
(11:58 / Allies) blackhawksin15: should i go bats
(11:59 / Allies) blackhawksin15: ?
(12:02 / Allies) blackhawksin15: or stay melle
(12:06 / Allies) PiousMuslim: stay melee
(12:09 / Allies) RAINBOW.BOY: i went bats
(12:10 / Allies) RAINBOW.BOY: just raped ojs
(12:19 / Allies) RAINBOW.BOY: greens entire army
(12:34 / Allies) RAINBOW.BOY: nigger blue got all that exp
(12:37 / Allies) huggles: nice bats
(12:59 / Allies) RAINBOW.BOY: get burrow upgrades wow
(15:13 / Allies) RAINBOW.BOY: i got u nigga
(15:16 / All) RAINBOW.BOY: hacker nigga
(16:10 / Allies) PiousMuslim: WOOD NOW
(20:44 / Allies) PiousMuslim: what a weird game lol
(20:56 / Allies) RAINBOW.BOY: they are abou tready to tk lawl
(21:08 / Allies) RAINBOW.BOY: we need to cripple oj
(21:19 / All) RAINBOW.BOY: blue is raping wtf
(22:25 / All) RAINBOW.BOY: blue raped 3 armies wtf
(23:33 / Allies) PiousMuslim: USE BATS
(23:43 / Allies) PiousMuslim: PUIRPEL
(24:37 / Allies) blackhawksin15: lumber
(26:05 / Allies) PiousMuslim: DRAGON PUTRPLE
(26:53 / Allies) huggles: come bats
(27:48 / Allies) RAINBOW.BOY: oj sh
(29:32 / Allies) huggles: come
(29:40 / Allies) huggles: wood pls
(29:53 / Allies) huggles: wood pls
(30:04 / Allies) huggles: 100 wood pls
(30:15 / Allies) huggles: come on
(30:17 / Allies) huggles: 100 wood
(31:20 / Allies) huggles: go
(31:37 / Allies) PiousMuslim: out
(32:28 / Allies) blackhawksin15: bats
(32:49 / Allies) huggles: lets go purple
(33:32 / Allies) RAINBOW.BOY: lol
(33:34 / Allies) RAINBOW.BOY: my bad
(33:40 / Allies) PiousMuslim: ya,...
(35:09 / All) Bonzi_Buddy: batys are such bs
(35:31 / All) 10minbreak: 4-4 now blue
(35:55 / Allies) huggles: fucker
(36:31 / All) RAINBOW.BOY: DIE HUGGLESSSSS
(36:51 / Allies) huggles: lol'
(36:52 / Allies) huggles: why?
(37:02 / Allies) huggles: noob indian?
(37:05 / All) RAINBOW.BOY: i did say the game was rigged didnt i
(37:16 / Allies) huggles: doesnt matter to me
(37:23 / Allies) huggles: no wonder u stood in base like a noob lol
(37:28 / All) RAINBOW.BOY: ya far seer will die
(37:52 / All) RAINBOW.BOY: although i do tip my hat to blue he put up a good fihgt
(37:59 / All) RAINBOW.BOY: he was fighting offf 3 armies
(38:12 / All) Bonzi_Buddy: too bad these ain't frost dragons
(38:20 / All) huggles: gay boy purple here had a bad childhood
(38:24 / All) huggles: lol
(38:31 / All) RAINBOW.BOY: i had a good one. lots of mario kart
(38:33 / All) RAINBOW.BOY: and super nes
(38:57 / All) huggles: gays play mario kart?
(39:36 / Allies) RAINBOW.BOY: sorry yellow they want me to kill ur bats
(39:51 / Allies) RAINBOW.BOY: lets not be a poor spor tnow
(40:50 / All) blackhawksin15: LO
(40:53 / All) blackhawksin15: LOL
(41:48 / All) RAINBOW.BOY: dont take it personal my team,. if their team was stronger oj and green would have bit the bullet too
(42:22 / All) huggles: lol purple cant even TK properly
(42:31 / All) huggles: so weak
(42:44 / Allies) huggles: heros combine!
(42:49 / Allies) PiousMuslim: pourple
(42:58 / Allies) huggles: get him
(43:11 / Allies) huggles: get AM
(44:32 / All) Bonzi_Buddy: Hehe
(44:34 / Allies) PiousMuslim: why purple?
(44:43 / All) RAINBOW.BOY: i told u yellow nothing personal
(44:47 / All) RAINBOW.BOY: the game was rigged
(44:58 / Allies) PiousMuslim: what do you mean?
(44:59 / All) Bonzi_Buddy: sAVE THE DRAGOJN
(45:07 / Allies) PiousMuslim: im just trying to understand?
(45:08 / All) RAINBOW.BOY: my friends are on the other team
(45:12 / All) RAINBOW.BOY: pink and teal
(45:20 / All) Bonzi_Buddy: orc is fucking hard to fight when you got like 50 food
(45:21 / Allies) PiousMuslim: oh...
(45:22 / All) Bonzi_Buddy: no casters
(45:39 / All) Bonzi_Buddy: hope it was worth it lil bitch
(45:41 / All) Bonzi_Buddy: fucking dragon murderer
(45:46 / All) PiousMuslim: purple..
(46:01 / All) RAINBOW.BOY: blue is still here
(46:11 / All) RAINBOW.BOY: hes been talking shit to me
(46:13 / All) Bonzi_Buddy: yeah he chased down and mrudered my last dragon baby
(46:38 / All) RAINBOW.BOY: dead tc
(47:22 / All) RAINBOW.BOY: u guys gotta give credit to blue even though hes a dick he was raping 3 armies
(47:35 / All) Bonzi_Buddy: No credit given
(47:53 / All) huggles: gg
(47:55 / All) Bonzi_Buddy: tri hero caster wyvners
(47:57 / All) huggles: but you cant win
(47:58 / All) 10minbreak: out
(47:59 / All) huggles: HAHAHAHA
(48:01 / All) RAINBOW.BOY: y not
(48:04 / All) Bonzi_Buddy: I didn't even realize he was raping rod's base
(48:05 / All) 10minbreak: purple is on our team
(48:15 / All) huggles: you can win
(48:19 / All) huggles: but you must kill purple
(48:21 / All) huggles: LOLZ
(48:22 / All) 10minbreak: out
(48:24 / All) huggles: loser bois
(48:27 / All) 10minbreak: I will pause so you can leave
(48:28 / All) 10minbreak: OUT
(48:35 / All) huggles: i'm taking a shit
(48:39 / All) huggles: brb
(48:45 / All) 10minbreak: do you think of yourself when you look at them
(49:13 / All) Bonzi_Buddy: multiple shadow hunter and bms is just bm lol
(49:18 / All) RAINBOW.BOY: with orbs lawl
(49:23 / All) Bonzi_Buddy: they took out our ne so we couldn't buy anti magic pots
(49:43 / All) RAINBOW.BOY: i made green non existant all game took out his chippo with bats a ton of times then blue finshed him off
(50:41 / All) 10minbreak: Orange, blue, will you leave your computers on all night for the win?
(51:08 / All) RAINBOW.BOY: not sure dont u guys remember ojs name from that close game on twilight
(51:31 / All) Bonzi_Buddy: if we had some priests we could have raped thsoe orcs
(51:34 / All) Bonzi_Buddy: for inner fire and dispel
(51:48 / All) Bonzi_Buddy: and tri hero oruselves
(51:51 / All) RAINBOW.BOY: all 0/0 my side
(52:01 / All) RAINBOW.BOY: u sure green has no wisps?
(52:07 / All) 10minbreak: yes
(52:51 / All) RAINBOW.BOY: we'll whisper u 2 tomorrow, blue and orange
(52:54 / All) RAINBOW.BOY: if game is still on
(53:25 / All) RAINBOW.BOY: save a zepplin
(53:59 / All) 10minbreak: oh
(54:00 / All) 10minbreak: 2 more farms
(54:04 / All) RAINBOW.BOY: wait bob
(54:06 / All) RAINBOW.BOY: lawl
(54:27 / All) 10minbreak: There we go
(54:30 / All) Bonzi_Buddy: Adios amigos
(54:31 / All) 10minbreak: 0/0
(54:35 / All) 10minbreak: Good luck both of you